 Dungeon Crawl Stone Soup version 0.28.0-43-g3370ac3207 (webtiles) character file.

Game seed: 11125280993146362264

390 croobank the Sneak (level 6, -13/36 HPs)
             Began as an Octopode Fire Elementalist on Mar 23, 2022.
             Mangled by an ogre
             ... wielding a +0 giant club
              (25 damage)
             ... on level 4 of the Dungeon.
             The game lasted 00:09:48 (3321 turns).

croobank the Sneak (Octopode Fire Elementalist)     Turns: 3321, Time: 00:09:52

Health: -13/36     AC:  1    Str:  8    XL:     6   Next: 80%
Magic:  0/10       EV: 14    Int: 19    God:
Gold:   91         SH:  0    Dex: 12    Spells: 8/11 levels left

rFire   . . .      SeeInvis .   i - +0 spear
rCold   . . .      Faith    .   (no shield)
rNeg    . . .      Spirit   .   (helmet restricted)
rPois   .          Reflect  .   (no amulet)
rElec   .          Harm     .   (no ring)
rCorr   .          Rampage  .   (no ring)
Will    .....                   (no ring)
Stlth   ++++......              (no ring)
HPRegen 0.12/turn               (no ring)
MPRegen 0.12/turn               (no ring)
                                (no ring)
                                (no ring)

@: very slightly contaminated
A: almost no armour, amphibious, 8 rings, camouflage 1, gelatinous body 1,
(nimble swimmer 1), tentacles
a: no special abilities


You were on level 4 of the Dungeon.
You visited 1 branch of the dungeon, and saw 5 of its levels.

You collected 91 gold pieces.

Inventory:

Hand Weapons
 e - a +0 long sword
 i - a +0 spear (weapon)
Missiles
 b - 70 stones
 c - 20 bolts
 h - 22 arrows
 n - a boomerang
 o - 15 sling bullets
Magical Staves
 d - a staff of air
Jewellery
 l - an amulet of guardian spirit
Scrolls
 f - a scroll of noise {unknown}
 g - a scroll of teleportation
Potions
 a - 2 potions of magic
 j - a potion of berserk rage
 k - a potion of invisibility {unknown}
 p - a potion of might {unknown}


   Skills:
 + Level 3.5 Dodging
 + Level 5.0 Stealth
 + Level 3.2 Spellcasting
 + Level 3.0 Conjurations
 + Level 4.2 Fire Magic


You had 8 spell levels left.
You knew the following spells:

 Your Spells              Type           Power      Damage    Failure   Level
a - Foxfire               Conj/Fire      64%        2x1d7     3%          1
b - Scorch                Fire           38%        2d6       4%          2

Your spell library contained the following spells:

 Spells                   Type           Power      Damage    Failure   Level
 Conjure Flame            Conj/Fire      16%        6-21      10%         3
 Inner Flame              Hex/Fire       11%        N/A       19%         3
 Flame Wave               Conj/Fire      16%        2d6       32%         4
 Summon Lightning Spire   Summ/Air       3%         N/A       83%         4
 Storm Form               Tmut/Air       1%         N/A       100%        7
 Maxwell's Capacitive Co  Air            1%         ∞         100%        8


Dungeon Overview and Level Annotations

Branches:
Dungeon (5/15)
 Temple: D:4-7

Altars:
Gozag

Annotations:
D:2 Sigmund
D:3 3 runed translucent doors, cmymind4's ghost, weakling OgFE
D:4 Pikel


Innate Abilities, Weirdness & Mutations

You cannot wear most types of armour.
You are amphibious.
You can wear up to eight rings at the same time.
Your skin changes colour to match your surroundings (Stealth+).
Your rubbery body absorbs attacks. (AC +1, EV +1)
((You are camouflaged when in or above water. (Stealth+)))
You have tentacles for arms and can constrict up to eight enemies at once.


Message History

The ogre is no longer more vulnerable to fire.
There is a stone staircase leading up here.
The ogre closely misses you.
You climb upwards.
Level annotation: Pikel
There is a stone staircase leading down here.
Found a scroll of identify and 8 gold pieces.
The hobgoblin shouts!
Found 3 gold pieces.
Found a stone staircase leading down.
Okay, then.
Casting: Scorch (safe; 4% risk of failure)
Confirm with . or Enter, or press ? or * to list all spells.
You conjure some foxfire!
You hit the ogre. You squeeze the ogre.
The ogre is moderately wounded.
The foxfire hits the ogre.
The ogre is moderately wounded.
The foxfire hits the ogre.
The ogre is heavily wounded.
The ogre barely misses you.
You hit the ogre. You squeeze the ogre.
The ogre is almost dead.
The ogre barely misses you. The hobgoblin hits you.
You barely miss the ogre.
The ogre is almost dead.
The ogre closely misses you. The hobgoblin closely misses you.
Unknown command.
You hit the ogre.
The ogre is almost dead.
The hobgoblin misses you.
The ogre hits you with a +0 giant club!!
Ouch! That really hurt!
Casting: Foxfire (safe; 3% risk of failure)
Confirm with . or Enter, or press ? or * to list all spells.
You miscast Foxfire.
You are very lightly contaminated with residual magic.
Nothing appears to happen.
The hobgoblin hits you.
The ogre hits you with a +0 giant club!!
Ouch! That really hurt!
You die...

# ###....... #.
........... #.
............ #..
#.?........). ..# #.#
.#...#... #.###.# #
#...#.## #>#.#
#.#>..#.# #Og#
#.#...#.# #@.#
#.......# ...>......#
##.....##
.....#.....#
#......### ....
.......###..#....).
...
....................
##
#........###......###
#....$...# #.....###
...#.$.#.# #.......#
#.#####.##


You could see an ogre and a hobgoblin.

Vanquished Creatures
  A black bear (D:4)
  A lemure (D:4)
  A scorpion (D:3)
  An orc priest (D:3)
  2 iguanas
  An orc wizard (D:3)
  A hound skeleton (D:2)
  6 adders
  A worm (D:4)
  A dart slug (D:1)
  8 orcs
  5 endoplasms
  4 giant cockroaches
  4 goblins
  6 hobgoblins
  6 jackals (D:4)
  A quokka (D:4)
  2 ball pythons
  A frilled lizard (D:3)
  3 kobolds
  3 rats (D:2)
59 creatures vanquished.

Vanquished Creatures (others)
  104 foxfires
  5 plants (D:3)
109 creatures vanquished.

Grand Total: 168 creatures vanquished

Notes
Turn   | Place    | Note
-------+----------+-------------------------------------------
     0 | D:1      | croobank the Octopode Fire Elementalist began the quest for
                  | the Orb.
     0 | D:1      | Reached XP level 1. HP: 11/11 MP: 3/3
   531 | D:1      | Reached XP level 2. HP: 17/17 MP: 3/5
   576 | D:1      | Reached skill level 3 in Stealth
   652 | D:2      | Learned a level 2 spell: Scorch
   715 | D:2      | Reached XP level 3. HP: 16/21 MP: 1/6
  1031 | D:2      | Noticed Sigmund
  1098 | D:3      | Found a runed translucent gate.
  1255 | D:3      | Found a runed translucent gate.
  1255 | D:3      | Found a runed translucent gate.
  1256 | D:3      | Found an opulent altar of Gozag.
  1257 | D:3      | Noticed cmymind4's ghost (weakling OgFE)
  1532 | D:3      | Reached XP level 4. HP: 13/27 MP: 2/7
  1850 | D:3      | Reached skill level 4 in Stealth
  1850 | D:3      | Reached XP level 5. HP: 31/31 MP: 3/9
  2812 | D:4      | Noticed a black bear
  2824 | D:4      | Killed a black bear
  2825 | D:4      | Reached XP level 6. HP: 36/36 MP: 3/10
  3148 | D:4      | Reached skill level 5 in Stealth
  3266 | D:4      | Noticed Pikel
  3293 | D:5      | Entered Level 5 of the Dungeon
  3321 | D:4      | Mangled by an ogre

Illustrated notes

Levels and vault maps discovered:
D:1:      minmay_arrival_semitransparent, layout_basic
D:2:      layout_basic, chequers_serial_rivers_small_a,
          nicolae_underground_beach, uniq_sigmund
D:3:      layout_rooms, ebering_ghost_gozag, fountainhead, serial_bayou_pond_b
D:4:      layout_loops_cross, minmay_temple_entry_arrows, minmay_mini_ossuary,
          uniq_natasha, uniq_pikel
D:5:      layout_cave_pools, nemelex_dance_club_becter, serial_shops, shop,
          uniq_ijyb, uniq_blork_the_orc

Skill      XL: |  1  2  3  4  5  6 |
---------------+-------------------+-----
Stealth        | 3 4 5 |  5.0
Conjurations   | 2 3 |  3.0
Dodging        | 3 |  3.5
Spellcasting   | 3 |  3.2
Fire Magic     | 4 |  4.2

Action                   |  1- 3 |  4- 6 || total
-------------------------+-------+-------++-------
Melee: Unarmed           |    10 |       ||    10
       Constrict         |     5 |     4 ||     9
       Tentacles         |     5 |     4 ||     9
       Spear             |    14 |    16 ||    30
 Cast: Foxfire           |    21 |    43 ||    64
       Scorch            |     9 |    27 ||    36
  Use: Scroll            |       |     7 ||     7
 Stab: Sleeping          |       |     1 ||     1
Armor: Skin              |     4 |       ||     4
Dodge: Dodged            |    13 |    22 ||    35
